NCAA
PROVIDENCE FRIARS @ OKLAHOMA SOONERS
05/08/2027
 
TOP OF THE 1ST
Providence Friars batting - Pitching for Oklahoma Sooners : RHP Frank Simmons
Pitching: RHP Frank Simmons
Batting: LHB Brian Easdale 0-0: Called Strike
0-1: Ball
1-1: Foul Ball, location: 2F
1-2: Fly out, F8 (Flyball, 8LM)
Batting: SHB Esteban Aliaga 0-0: Called Strike
0-1: Called Strike
0-2: Ball
1-2: Ball
2-2: Foul Ball, location: 2F
2-2: Strikes out swinging
Batting: RHB Miguel Sánchez 0-0: Called Strike
0-1: Swinging Strike
0-2: Foul Ball, location: 2F
0-2: Ball
1-2: Ball
2-2: Strikes out swinging
Top of the 1st over - 0 run(s), 0 hit(s), 0 error(s), 0 left on base; Providence 0 - Oklahoma 0
BOTTOM OF THE 1ST
Oklahoma Sooners batting - Pitching for Providence Friars : LHP Richard Morgan
Pitching: LHP Richard Morgan
Batting: LHB Larry Wright 0-0: Ball
1-0: Foul Ball, location: 2F
1-1: Swinging Strike
1-2: Ball
2-2: Foul Ball, location: 2F
2-2: Ball
3-2: Foul Ball, location: 2F
3-2: Foul Ball, location: 2F
3-2: Fly out, F9 (Flyball, 9)
Batting: SHB Allen King 0-0: Ball
1-0: Ball
2-0: Ground out 5-3 (Groundball, 5S)
Batting: RHB Rafael Barajas 0-0: Ball
1-0: DOUBLE (Flyball, 78XD)
Batting: RHB Albert Morán 0-0: Called Strike
0-1: SINGLE (Groundball, 56D)
Rafael Barajas to third
Runner from 3rd tries for Home, SAFE, no throw
Batting: RHB Martín Rodríguez 0-0: Ball
1-0: Ball
2-0: Ball
3-0: Base on Balls
Albert Morán to second
Batting: RHB Elliott Crouch 0-0: Fly out, F4 (Popup, 34D)
Bottom of the 1st over - 1 run(s), 2 hit(s), 0 error(s), 2 left on base; Providence 0 - Oklahoma 1
TOP OF THE 2ND
Providence Friars batting - Pitching for Oklahoma Sooners : RHP Frank Simmons
Batting: LHB Javier Morales 0-0: Foul Ball, location: 2F
0-1: Ball
1-1: Ball
2-1: Ball
3-1: Base on Balls
Batting: SHB Will Davies 0-0: Ball
1-0: Foul Ball, location: 2F
1-1: Ball
2-1: Ball
3-1: SINGLE (Groundball, 6) (infield hit)
Javier Morales to second
Batting: RHB Gonzalo García 0-0: Foul Ball, location: 2F
0-1: Ball
1-1: Foul Ball, location: 2F
1-2: Ball
2-2: Foul Ball, location: 2F
2-2: Ball
3-2: Strikes out swinging
Batting: RHB Gustavo Todd 0-0: Swinging Strike
0-1: Swinging Strike
0-2: Strikes out swinging
Batting: RHB Roger Tucker 0-0: Ball
1-0: SINGLE (Line Drive, 7S)
Javier Morales to third
Will Davies to second
Runner from 3rd tries for Home, SAFE, no throw
Batting: RHB Marcus Pittman 0-0: Ball
1-0: Ball
2-0: Foul Ball, location: 2F
2-1: Called Strike
2-2: Strikes out swinging
Top of the 2nd over - 1 run(s), 2 hit(s), 0 error(s), 2 left on base; Providence 1 - Oklahoma 1
BOTTOM OF THE 2ND
Oklahoma Sooners batting - Pitching for Providence Friars : LHP Richard Morgan
Batting: RHB Andrés Macíal 0-0: Ball
1-0: Called Strike
1-1: Ball
2-1: Ball
3-1: Called Strike
3-2: Base on Balls
Batting: RHB Sidney Boyd 0-0: Ball
1-0: Called Strike
1-1: Ball
2-1: SINGLE (Groundball, 6MD)
Andrés Macíal to second
Runner from 2nd tries for 3rd, SAFE, no throw
Batting: SHB José Rojas 0-0: Fly out, F8 (Line Drive, 8RM)
Runner from 3rd tags up, SCORES, no throw
Batting: LHB Larry Wright 0-0: Ball
1-0: Ball
2-0: Ball
3-0: Base on Balls
Sidney Boyd to second
Batting: SHB Allen King 0-0: Foul Ball, location: 2F
0-1: Ball
1-1: Ball
2-1: Ball
3-1: SINGLE (Groundball, 4MD)
Sidney Boyd to third
Larry Wright to second
Runner from 3rd tries for Home, SAFE, throw made home
Batting: RHB Rafael Barajas 0-0: Ball
1-0: Ball
2-0: Swinging Strike
2-1: Ground out 3-1 (Groundball, 34S)
Larry Wright to third
Allen King to second
Batting: RHB Albert Morán 0-0: Swinging Strike
0-1: Swinging Strike
0-2: Strikes out looking
Bottom of the 2nd over - 2 run(s), 2 hit(s), 0 error(s), 2 left on base; Providence 1 - Oklahoma 3
TOP OF THE 3RD
Providence Friars batting - Pitching for Oklahoma Sooners : RHP Frank Simmons
Batting: LHB Brian Easdale 0-0: Called Strike
0-1: Ball
1-1: Ball
2-1: Called Strike
2-2: SINGLE (Line Drive, 9LM)
Batting: SHB Esteban Aliaga 0-0: Called Strike
0-1: Ball
1-1: Ball
2-1: Ball
3-1: Called Strike
3-2: Base on Balls
Brian Easdale to second
Batting: RHB Miguel Sánchez 0-0: Called Strike
Brian Easdale steals 3rd base
Esteban Aliaga to second
0-1: Fly out, F9 (Flyball, 9LSF)
Runner from 3rd tags up, SCORES, no throw
Batting: LHB Javier Morales 0-0: Ball
1-0: Called Strike
1-1: Ball
2-1: SINGLE (Flyball, 8RS)
Esteban Aliaga to third
Runner from 3rd tries for Home, SAFE, throw made home
Javier Morales to second
Batting: SHB Will Davies 0-0: Called Strike
0-1: Foul Ball, location: 2F
0-2: Fly out, F2 (Popup, 23)
Batting: RHB Gonzalo García 0-0: Swinging Strike
0-1: Ball
1-1: Called Strike
1-2: Foul Ball, location: 2F
1-2: Foul Ball, location: 2F
1-2: Foul Ball, location: 2F
1-2: Ball
2-2: Ball
3-2: Base on Balls
Batting: RHB Gustavo Todd 0-0: Ball
1-0: Foul Ball, location: 2F
1-1: Swinging Strike
1-2: Ball
2-2: Foul Ball, location: 2F
2-2: Strikes out looking
Top of the 3rd over - 2 run(s), 2 hit(s), 0 error(s), 2 left on base; Providence 3 - Oklahoma 3
BOTTOM OF THE 3RD
Oklahoma Sooners batting - Pitching for Providence Friars : LHP Richard Morgan
Batting: RHB Martín Rodríguez 0-0: Ball
1-0: Ball
2-0: Ball
3-0: Base on Balls
Batting: RHB Elliott Crouch 0-0: Ball
1-0: Swinging Strike
1-1: Fly out, F9 (Flyball, 89S)
Batting: RHB Andrés Macíal 0-0: Foul Ball, location: 2F
0-1: Called Strike
0-2: Foul Ball, location: 2F
0-2: Ball
1-2: Ball
2-2: Fly out, F7 (Flyball, 7D)
Batting: RHB Sidney Boyd 0-0: Ball
1-0: Called Strike
1-1: Ball
Wild Pitch!
Martín Rodríguez to second
2-1: Swinging Strike
2-2: Ball
3-2: Base on Balls
Batting: SHB José Rojas 0-0: Foul Ball, location: 2F
0-1: Ball
1-1: Swinging Strike
1-2: Ball
2-2: Strikes out looking
Bottom of the 3rd over - 0 run(s), 0 hit(s), 0 error(s), 2 left on base; Providence 3 - Oklahoma 3
TOP OF THE 4TH
Providence Friars batting - Pitching for Oklahoma Sooners : RHP Frank Simmons
Batting: RHB Roger Tucker 0-0: Foul Ball, location: 2F
0-1: Ball
1-1: Fly out, F8 (Flyball, 8LM)
Pitching: RHP Neil Adams
Batting: RHB Marcus Pittman 0-0: Ball
1-0: Ball
2-0: Fly out, F8 (Flyball, 89M)
Batting: LHB Brian Easdale 0-0: Called Strike
0-1: Ball
1-1: Ball
2-1: Ground out U3 (Groundball, 34)
Top of the 4th over - 0 run(s), 0 hit(s), 0 error(s), 0 left on base; Providence 3 - Oklahoma 3
BOTTOM OF THE 4TH
Oklahoma Sooners batting - Pitching for Providence Friars : LHP Richard Morgan
Batting: LHB Larry Wright 0-0: Ball
1-0: Hit by Pitch
Batting: SHB Allen King 0-0: Ball
1-0: Foul Ball, location: 2F
1-1: DOUBLE (Line Drive, 5D)
Larry Wright to third
Batting: RHB Rafael Barajas 0-0: Ball
1-0: Ball
2-0: Ball
3-0: Called Strike
3-1: Called Strike
3-2: Fly out, F8 (Line Drive, 8RM)
Runner from 3rd tags up, SCORES, no throw
Pitching: RHP Enrico Velázquez
Batting: RHB Albert Morán 0-0: Called Strike
0-1: SINGLE (Flyball, 9LS)
Allen King to third
Batting: RHB Martín Rodríguez 0-0: Ball
Wild Pitch!
Allen King scores
Albert Morán to second
1-0: Foul Ball, location: 2F
1-1: Hit by Pitch
Batting: RHB Elliott Crouch 0-0: Called Strike
0-1: Ball
1-1: Fly out, F9 (Line Drive, 89S)
Batting: RHB Andrés Macíal 0-0: Fly out, F9 (Flyball, 9S)
Bottom of the 4th over - 2 run(s), 2 hit(s), 0 error(s), 2 left on base; Providence 3 - Oklahoma 5
TOP OF THE 5TH
Providence Friars batting - Pitching for Oklahoma Sooners : RHP Neil Adams
Batting: SHB Esteban Aliaga 0-0: Foul Ball, location: 2F
0-1: Ball
1-1: Ground out U3 (Groundball, 34)
Batting: RHB Miguel Sánchez 0-0: Ball
1-0: Ball
2-0: Swinging Strike
2-1: Ground out 4-3 (Groundball, 4)
Batting: LHB Javier Morales 0-0: Ball
1-0: Called Strike
1-1: Fly out, F4 (Popup, 4)
Top of the 5th over - 0 run(s), 0 hit(s), 0 error(s), 0 left on base; Providence 3 - Oklahoma 5
BOTTOM OF THE 5TH
Oklahoma Sooners batting - Pitching for Providence Friars : RHP Enrico Velázquez
Batting: RHB Sidney Boyd 0-0: Called Strike
0-1: Ground out 5-3 (Groundball, 56S)
Batting: SHB José Rojas 0-0: Ball
1-0: Ball
2-0: Swinging Strike
2-1: Foul Ball, location: 2F
2-2: Fly out, F7 (Line Drive, 7S)
Batting: LHB Larry Wright 0-0: Called Strike
0-1: Foul Ball, location: 2F
0-2: Fly out, F8 (Flyball, 8RS)
Bottom of the 5th over - 0 run(s), 0 hit(s), 0 error(s), 0 left on base; Providence 3 - Oklahoma 5
TOP OF THE 6TH
Providence Friars batting - Pitching for Oklahoma Sooners : RHP Neil Adams
Batting: SHB Will Davies 0-0: Called Strike
0-1: Called Strike
0-2: Fly out, F8 (Line Drive, 89M)
Batting: RHB Gonzalo García 0-0: Called Strike
0-1: Swinging Strike
0-2: Strikes out swinging
Batting: RHB Gustavo Todd 0-0: Ball
1-0: Ball
2-0: Ball
3-0: Called Strike
3-1: Base on Balls
Batting: RHB Roger Tucker 0-0: Ball
1-0: 2-RUN HOME RUN (Flyball, 7D), Distance : 351 ft
Batting: RHB Marcus Pittman 0-0: Ball
1-0: Called Strike
1-1: SOLO HOME RUN (Flyball, 7D), Distance : 353 ft
Batting: LHB Brian Easdale 0-0: Ball
1-0: Fly out, F7 (Flyball, 7LS)
Top of the 6th over - 3 run(s), 2 hit(s), 0 error(s), 0 left on base; Providence 6 - Oklahoma 5
BOTTOM OF THE 6TH
Oklahoma Sooners batting - Pitching for Providence Friars : RHP Enrico Velázquez
Batting: SHB Allen King 0-0: Ball
1-0: SINGLE (Groundball, 34D)
Batting: RHB Rafael Barajas 0-0: Called Strike
0-1: Ball
1-1: Foul Ball, location: 2F
1-2: Strikes out looking
Batting: RHB Albert Morán 0-0: Ball
1-0: Foul Ball, location: 2F
1-1: Ball
2-1: Swinging Strike
2-2: Strikes out looking
Batting: RHB Martín Rodríguez 0-0: Ball
1-0: Foul Ball, location: 2F
1-1: Ball
2-1: Foul Ball, location: 2F
2-2: Ball
3-2: Base on Balls
Allen King to second
Batting: RHB Elliott Crouch 0-0: Fly out, F9 (Flyball, 89S)
Bottom of the 6th over - 0 run(s), 1 hit(s), 0 error(s), 2 left on base; Providence 6 - Oklahoma 5
TOP OF THE 7TH
Providence Friars batting - Pitching for Oklahoma Sooners : RHP Neil Adams
Batting: SHB Esteban Aliaga 0-0: Foul Ball, location: 2F
0-1: Fly out, F8 (Flyball, 8RM)
Pitching: RHP Bob Pate
Batting: RHB Miguel Sánchez 0-0: Foul Ball, location: 2F
0-1: SOLO HOME RUN (Flyball, 7D), Distance : 344 ft
Batting: LHB Javier Morales 0-0: Called Strike
0-1: SINGLE (Groundball, 4D)
Batting: SHB Will Davies 0-0: Swinging Strike
0-1: Foul Ball, location: 2F
0-2: Ball
1-2: Ball
2-2: Foul Ball, location: 2F
2-2: Fly out, F9 (Flyball, 89S)
Batting: RHB Gonzalo García 0-0: Called Strike
0-1: Ball
1-1: Called Strike
1-2: Foul Ball, location: 2F
1-2: Strikes out swinging
Top of the 7th over - 1 run(s), 2 hit(s), 0 error(s), 1 left on base; Providence 7 - Oklahoma 5
BOTTOM OF THE 7TH
Oklahoma Sooners batting - Pitching for Providence Friars : RHP Enrico Velázquez
Pitching: RHP Freddie Robinson
Batting: RHB Andrés Macíal 0-0: Ball
1-0: Ball
2-0: Called Strike
2-1: SINGLE (Groundball, 6MD)
Batting: RHB Sidney Boyd 0-0: Fly out, F6 (Line Drive, 6MD)
Batting: SHB José Rojas 0-0: Ball
1-0: Fly out, F8 (Flyball, 8LD)
Batting: LHB Larry Wright 0-0: Ball
Andrés Macíal is caught stealing 2nd base
Bottom of the 7th over - 0 run(s), 1 hit(s), 0 error(s), 0 left on base; Providence 7 - Oklahoma 5
TOP OF THE 8TH
Providence Friars batting - Pitching for Oklahoma Sooners : RHP Bob Pate
Batting: RHB Gustavo Todd 0-0: Foul Ball, location: 2F
0-1: Foul Ball, location: 2F
0-2: Strikes out swinging
Batting: RHB Roger Tucker 0-0: Ball
1-0: Foul Ball, location: 2F
1-1: Called Strike
1-2: Ball
2-2: Ball
3-2: Base on Balls
Batting: RHB Marcus Pittman 0-0: Ball
1-0: Called Strike
1-1: Foul Ball, location: 2F
1-2: Strikes out swinging
Batting: LHB Brian Easdale 0-0: Ball
1-0: Called Strike
1-1: Ball
2-1: Fielders Choice at 2nd, 4-6 (Groundball, 34)
Top of the 8th over - 0 run(s), 0 hit(s), 0 error(s), 0 left on base; Providence 7 - Oklahoma 5
BOTTOM OF THE 8TH
Oklahoma Sooners batting - Pitching for Providence Friars : RHP Freddie Robinson
Now at C: Daniel Riddle
Batting: LHB Larry Wright 0-0: Ball
1-0: Fly out, F8 (Flyball, 8LM)
Batting: SHB Allen King 0-0: Called Strike
0-1: Called Strike
0-2: Ball
1-2: Ball
2-2: Ball
3-2: Foul Ball, location: 2F
3-2: Strikes out swinging
Batting: RHB Rafael Barajas 0-0: Called Strike
0-1: Called Strike
0-2: SINGLE (Line Drive, 78S)
Batting: RHB Albert Morán 0-0: Ball
1-0: Called Strike
1-1: Ball
2-1: Ball
3-1: Base on Balls
Rafael Barajas to second
Batting: RHB Martín Rodríguez 0-0: Foul Ball, location: 2F
0-1: SINGLE (Line Drive, 9S)
Rafael Barajas to third
Albert Morán to second
Batting: RHB Elliott Crouch 0-0: Ball
1-0: Swinging Strike
1-1: Fly out, F8 (Flyball, 8RM)
Bottom of the 8th over - 0 run(s), 2 hit(s), 0 error(s), 3 left on base; Providence 7 - Oklahoma 5
TOP OF THE 9TH
Providence Friars batting - Pitching for Oklahoma Sooners : RHP Bob Pate
Pitching: LHP Armando Durán
Batting: SHB Esteban Aliaga 0-0: Called Strike
0-1: Foul Ball, location: 2F
0-2: Hit by Pitch
Batting: RHB Miguel Sánchez 0-0: Ball
1-0: Foul Ball, location: 2F
1-1: Foul Ball, location: 2F
1-2: Ball
2-2: Fielders Choice at 2nd, 3-6 (Groundball, 3)
Batting: LHB Javier Morales 0-0: DOUBLE (Line Drive, 8RM)
Miguel Sánchez to third
Runner from 3rd tries for Home, throw and OUT!
Batting: SHB Will Davies 0-0: Ball
1-0: Fly out, F9 (Flyball, 89M)
Top of the 9th over - 0 run(s), 1 hit(s), 0 error(s), 1 left on base; Providence 7 - Oklahoma 5
BOTTOM OF THE 9TH
Oklahoma Sooners batting - Pitching for Providence Friars : RHP Freddie Robinson
Pitching: RHP Joe Canó
Batting: RHB Andrés Macíal 0-0: Called Strike
0-1: Ball
1-1: Called Strike
1-2: Fly out, F8 (Flyball, 8RM)
Batting: RHB Sidney Boyd 0-0: Called Strike
0-1: Foul Ball, location: 2F
0-2: Ball
1-2: Foul Ball, location: 2F
1-2: Ball
2-2: Fly out, F6 (Line Drive, 6)
Batting: SHB José Rojas 0-0: Ball
1-0: Called Strike
1-1: SINGLE (Line Drive, 6M)
Batting: LHB Larry Wright 0-0: Ball
1-0: Foul Ball, location: 2F
1-1: Foul Ball, location: 2F
1-2: Ball
2-2: Ground out 6-3 (Groundball, 6M)
Bottom of the 9th over - 0 run(s), 1 hit(s), 0 error(s), 1 left on base; Providence 7 - Oklahoma 5
Thursday, March 30th, 2017 - OOTP Baseball 17.12 Build 75